 Dungeon Crawl Stone Soup version 0.26-a0-665-gefeb406119 (console) character file.

Game seed: 10901771702280495610

59 om the Grave Robber (level 3, -7/28 HPs)
             Began as a Deep Dwarf Necromancer on Oct 13, 2020.
             Mangled by a gnoll
             ... wielding a +0 flail
              (8 damage)
             ... on level 2 of the Dungeon.
             The game lasted 00:03:21 (1991 turns).

om the Grave Robber (Deep Dwarf Necromancer)        Turns: 1991, Time: 00:03:22

Health: -7/28      AC:  2    Str: 11    XL:     3   Next: 78%
Magic:  3/6        EV: 13    Int: 16    God:
Gold:   125        SH:  0    Dex: 13    Spells: 1/6 levels left

rFire    . . .     SeeInvis .   (no weapon)
rCold    . . .     Faith    .   (no shield)
rNeg     . . .     Spirit   .   a - +0 robe
rPois    .         Reflect  .   (no helmet)
rElec    .         Harm     .   (no cloak)
rCorr    .         Rampage  .   (no gloves)
MR       .....                  (no boots)
Stlth    ++........             (no amulet)
HPRegen  0.00/turn              (no ring)
MPRegen  0.10/turn              (no ring)

@: non-regenerating
A: damage resistance, heal wounds, sense surroundings 1, no regeneration
a: Heal Wounds


You were on level 2 of the Dungeon.
You visited 1 branch of the dungeon, and saw 2 of its levels.

You collected 125 gold pieces.

Inventory:

Armour
 a - a +0 robe (worn)
Scrolls
 b - a scroll of identify {unknown}
 e - a scroll of magic mapping {unknown}
 f - a scroll of enchant weapon {unknown}
 g - a scroll of teleportation {unknown}
 h - a scroll of enchant armour {unknown}
 j - a scroll of remove curse {unknown}
Potions
 c - a potion of mutation {unknown}
 d - a potion of lignification {unknown}
 i - a potion of degeneration {unknown}


   Skills:
 + Level 2.7 Dodging
 * Level 3.6 Stealth
 + Level 2.1 Spellcasting
 * Level 5.0 Necromancy


You had one spell level left.
You knew the following spells:

 Your Spells              Type           Power        Failure   Level
a - Pain                  Necr           ###.         2%          1
b - Animate Skeleton      Necr           ###...       2%          1
c - Vampiric Draining     Necr           ###.......   8%          3

Your spell library contained the following spells:

 Spells                   Type           Power        Failure   Level
 Animate Dead             Necr           ###.......   26%         4
 Agony                    Necr           ###.....     56%         5


Dungeon Overview and Level Annotations

Branches:
Dungeon (2/15)

Altars:


Innate Abilities, Weirdness & Mutations

You are resistant to damage.
You can heal yourself by infusing magical energy.
You passively map a small area around you.
You do not regenerate.


Message History

Confirm with . or Enter, or press ? or * to list all spells.
Aiming: Pain (safe; 2% risk of failure)
Press: ? - help, Shift-Dir - straight line, f - gnoll
Aim: a gnoll, wielding a +0 flail (chance to defeat MR: 82%)
The gnoll writhes in agony.
The gnoll hits you with a +0 flail!
* * * LOW HITPOINT WARNING * * *
Casting: Pain (safe; 2% risk of failure)
Confirm with . or Enter, or press ? or * to list all spells.
Aiming: Pain (safe; 2% risk of failure)
Press: ? - help, Shift-Dir - straight line, f/p - gnoll
Aim: a gnoll, wielding a +0 flail (lightly wounded, chance to defeat MR: 82%)
The gnoll writhes in agony.
The gnoll hits you with a +0 flail.
* * * LOW HITPOINT WARNING * * *
Casting: Pain (safe; 2% risk of failure)
Confirm with . or Enter, or press ? or * to list all spells.
Aiming: Pain (safe; 2% risk of failure)
Press: ? - help, Shift-Dir - straight line, f/p - gnoll
Aim: a gnoll, wielding a +0 flail (severely wounded, chance to defeat MR: 82%)
The gnoll barely resists.
The gnoll hits you with a +0 flail!
You die...

* , , * , * , , ,
,, , ** * * * *, ,
* ,####* * # #..,
, ..##.#.#####
....)..g...#.. , *
..##.#.###g#.# ###
+.,#.###.#.# #@#
,# #.#...#.# #g# ,
..#g###.# #.#
########.# #.# #.#
.........###.###.#
............gg...#
.........###.#####
########.###.## ,
#......# ,
#.###### #.#


You could see a gnoll.

Vanquished Creatures
  3 gnolls
  An adder (D:2)
  3 leopard geckos (D:1)
  A goblin (D:1)
  2 hobgoblins (D:1)
  5 kobolds (D:1)
  A ball python (D:1)
  A frilled lizard (D:2)
  A rat (D:1)
18 creatures vanquished.

Vanquished Creatures (collateral kills)
  A giant cockroach (D:1)
1 creature vanquished.

Grand Total: 19 creatures vanquished

Notes
Turn   | Place    | Note
-------+----------+-------------------------------------------
     0 | D:1      | om the Deep Dwarf Necromancer began the quest for the Orb.
     0 | D:1      | Reached XP level 1. HP: 15/15 MP: 3/3
   167 | D:1      | Learned a level 1 spell: Animate Skeleton
   394 | D:1      | Reached XP level 2. HP: 22/22 MP: 0/4
  1497 | D:2      | Reached XP level 3. HP: 19/28 MP: 2/6
  1675 | D:2      | Learned a level 3 spell: Vampiric Draining
  1841 | D:2      | HP: 1/28 [gnoll/+4 halberd (10)]
  1849 | D:1      | Reached skill level 5 in Necromancy
  1990 | D:2      | HP: 1/28 [gnoll/+0 flail (1)]
  1991 | D:2      | Mangled by a gnoll

Illustrated notes

Levels and vault maps discovered:
D:1:      nzn_arrival_depleted_hourglass, layout_basic, hangedman_decor_growths,
          skrybe_limestone_x
D:2:      layout_basic, cheibrodos_gnoll_hut

Skill      XL: |  1  2  3 |
---------------+----------+-----
Stealth        | 3 |  3.6
Spellcasting   | 2 |  2.1
Necromancy     | 5 |  5.0
Dodging        | |  2.7

Action                   || total
-------------------------++-------
Melee: Unarmed           ||     9
 Cast: Pain              ||    46
       Animate Skeleton  ||     8
       Vampiric Draining ||     2
 Abil: Heal Wounds       ||     1
Armor: Robe              ||     4
Dodge: Dodged            ||    37

Table legend: (Time is in decaauts)
 A = Elapsed time spent in this place.
 B = Non-inter-level travel time spent in this place.
 C = Inter-level travel time spent in this place.
 D = Time resting spent in this place.
 E = Time spent auto-exploring this place.
 F = Levels seen in this place.
 G = Mean time per level.
                   A        B        C        D        E       F      G
               +--------+--------+--------+--------+--------+-----+--------+
         Total |   1993 |   1966 |     27 |   1207 |    482 |   2 |  996.5 |
       Dungeon |   1993 |   1966 |     27 |   1207 |    482 |   2 |  996.5 |
               +--------+--------+--------+--------+--------+-----+--------+

Top non-repeatable levels by time:
     D:1: 1726 daAuts
     D:2: 266 daAuts
